 Dungeon Sprint DCSS version 0.17-a0-1632-g0af21bd (webtiles) character file.

6375 Kidiri the Blocker (level 10, 0/68 HPs)
             Began as a Gargoyle Fighter on Aug 3, 2015.
             Was a High Priest of Okawaru.
             Slain by a catoblepas (20 damage)
             ... in the Dungeon (Sprint IX: "|||||||||||||||||||||||||||||").
             The game lasted 00:06:08 (2513 turns).

Kidiri the Blocker (Gargoyle Fighter)               Turns: 2513, Time: 00:06:08

Health: 0/68       AC: 21    Str: 24    XL:     10   Next: 97%
Magic:  16/16      EV: 13    Int: 13    God:    Okawaru [*****.]
Gold:   8          SH: 13    Dex: 10    Spells: 0 memorised, 9 levels left

rFire  . . .     SeeInvis .     a - +0 flail
rCold  . . .     Clarity  .     q - +1 scale mail
rNeg   + . .     SustAt   .     c - +0 shield
rPois  ∞         Gourm    .     (no helmet)
rElec  +         Spirit   .     (no cloak)
rCorr  .         Warding  .     (no gloves)
rMut   .         NoTele   +     p - +2 pair of boots
MR     .....                    (no amulet)
Stlth  ..........               s - +3 ring of intelligence
                                r - +3 ring of strength

@: not resistant to hostile enchantments, extremely unstealthy
A: negative energy resistance 1, electricity resistance, unbreathing,
petrification resistance, rot immunity, AC +7
a: Heroism, Finesse, Renounce Religion


You were in the Dungeon.
You worshipped Okawaru.
Okawaru was extremely pleased with you.
You were not hungry.

You visited 1 branch You collected 8 gold pieces.

Inventory:

Hand weapons
 a - a +0 flail (weapon)
 x - the +4 greatsling "Gaphol" {velocity, -Tele Dex+11}
   (Okawaru gifted it to you in the Dungeon)

   Any stone fired from it inflicts extra damage.
   It affects your dexterity (+11).
   It prevents most forms of teleportation.
Armour
 c - a +0 shield (worn)
 p - a +2 pair of boots (worn)
 q - a +1 scale mail (worn)
Jewellery
 r - a +3 ring of strength (left hand)
 s - a +3 ring of intelligence (right hand)
Magical devices
 o - a wand of cold (0)
Scrolls
 k - 3 scrolls of blinking
 m - 3 scrolls of remove curse
 n - 2 scrolls of amnesia
 t - a scroll of identify
 u - 2 scrolls of recharging
 w - a scroll of fog
Potions
 b - a potion of brilliance
 d - 2 potions of might
 f - a potion of invisibility
 g - 7 potions of heal wounds
 h - a potion of haste
 i - 4 potions of magic
 j - 2 potions of berserk rage
 l - 4 potions of curing


   Skills:
 + Level 10.3 Fighting
 + Level 11.7 Maces & Flails
 * Level 13.7 Armour
 + Level 7.4 Dodging
 * Level 13.8 Shields
 + Level 8.8 Invocations


You had 9 spell levels left.
You didn't know any spells.

Dungeon Overview and Level Annotations

Branches:
Dungeon (1/1)

Altars:
Cheibriados
Dithmenos
Elyvilon
Fedhas
Gozag
Kikubaaqudgha
Makhleb
Nemelex Xobeh
Okawaru
Qazlal
Ru
Sif Muna
Trog
Vehumet
Xom
Yredelemnul
Zin
The Shining One
Beogh
Jiyva
Lugonu


Innate Abilities, Weirdness & Mutations

You are resistant to torment.
Your stone body is resilient (AC +7).
You are immune to poison.
You resist negative energy.
You are resistant to electric shocks.
You can survive without breathing.
You are immune to petrification.
You are immune to rotting.


Message History

You hit the catoblepas but do no damage.
The catoblepas is severely wounded.
The catoblepas gores you!
You hit the catoblepas.
The catoblepas is severely wounded.
The catoblepas closely misses you.
You thump the catoblepas!
The catoblepas is almost dead.
You block the catoblepas's attack.
You hit the catoblepas but do no damage.
The catoblepas is almost dead.
You barely miss the catoblepas.
The catoblepas is almost dead.
The catoblepas gores you!
* * * LOW HITPOINT WARNING * * *
Unknown command.
You hit the catoblepas but do no damage.
The catoblepas is almost dead.
The catoblepas gores you!!
You die...

▓▓▓▓▓▓▓▓▓▓▓▓▓▓▓▓▓▓▓▓▓▓▓▓
▓<....'.....).....'_____
▓▓▓▓▓▓▓▓▓▓▓▓▓▓▓▓▓▓▓▓▓▓▓▓
▓.......................
▓.▓▓▓▓▓▓▓▓▓▓▓▓▓▓▓▓▓▓▓▓▓▓
▓......@YYYY...:..Y...'.
▓▓▓▓▓▓▓▓▓▓▓▓▓▓▓▓▓▓▓▓▓▓▓▓


You could see a death yak, 2 catoblepae and a yak.

Vanquished Creatures
  A centaur warrior (D)
  A catoblepas (D)
  2 death yaks (D)
  A griffon (D)
  A black mamba (D)
  A spiny frog (D)
  A gargoyle (D)
  A komodo dragon (D)
  A fire drake (D)
  A yak (D)
  A basilisk (D)
  2 hippogriffs (D)
  A wolf (D)
  A soldier ant (D)
  3 water moccasins (D)
  An orc warrior (D)
  An ice beast (D)
  A big kobold (D)
  4 crocodiles (D)
  7 giant frogs (D)
  A wight (D)
  A crimson imp (D)
  A jelly (D)
  A shadow imp (D)
  An orc (D)
  A bat zombie (D)
  2 giant cockroaches (D)
  A giant newt (D)
  2 rats (D)
44 creatures vanquished.

Vanquished Creatures (others)
  A spatial maelstrom (D)
1 creature vanquished.

Grand Total: 45 creatures vanquished

Notes
Turn   | Place    | Note
--------------------------------------------------------------
     0 | D        | Kidiri the Gargoyle Fighter began the quest for the Orb.
     0 | D        | Reached XP level 1. HP: 14/14 MP: 1/1
    16 | D        | Banished a spatial maelstrom
   232 | D        | Noticed an ice beast
   232 | D        | Noticed a crimson imp
   232 | D        | Noticed a jelly
   240 | D        | Reached XP level 2. HP: 19/19 MP: 2/2
   244 | D        | Reached skill level 4 in Armour
   244 | D        | Reached skill level 1 in Dodging
   254 | D        | Killed an ice beast
   254 | D        | Reached skill level 5 in Armour
   254 | D        | Reached skill level 5 in Shields
   254 | D        | Reached XP level 3. HP: 10/24 MP: 3/3
   254 | D        | Reached XP level 4. HP: 12/30 MP: 4/4
   257 | D        | Killed a jelly
   257 | D        | Reached skill level 5 in Maces & Flails
   257 | D        | Reached skill level 6 in Armour
   257 | D        | Reached XP level 5. HP: 10/34 MP: 5/5
   279 | D        | Killed a crimson imp
   279 | D        | Reached skill level 5 in Fighting
   451 | D        | Found a glowing silver altar of Zin.
   451 | D        | Found a glowing golden altar of the Shining One.
   451 | D        | Found an ancient bone altar of Kikubaaqudgha.
   451 | D        | Found a basalt altar of Yredelemnul.
   451 | D        | Found a shimmering altar of Xom.
   451 | D        | Found a radiant altar of Vehumet.
   452 | D        | Found an iron altar of Okawaru.
   453 | D        | Found a burning altar of Makhleb.
   454 | D        | Found a deep blue altar of Sif Muna.
   455 | D        | Found a bloodstained altar of Trog.
   456 | D        | Found a sparkling altar of Nemelex Xobeh.
   457 | D        | Found a white marble altar of Elyvilon.
   458 | D        | Found a roughly hewn altar of Beogh.
   459 | D        | Found a viscous altar of Jiyva.
   460 | D        | Became a worshipper of Warmaster Okawaru
   461 | D        | Found a corrupted altar of Lugonu.
   462 | D        | Found a blossoming altar of Fedhas.
   463 | D        | Found a snail-covered altar of Cheibriados.
   464 | D        | Found a shadowy altar of Dithmenos.
   465 | D        | Found a stormy altar of Qazlal.
   466 | D        | Found an opulent altar of Gozag.
   467 | D        | Found a sacrificial altar of Ru.
   511 | D        | Noticed a giant frog
   511 | D        | Noticed a wight
   511 | D        | Noticed a soldier ant
   511 | D        | Noticed a giant frog
   511 | D        | Noticed a gargoyle
   519 | D        | Killed a giant frog
   519 | D        | Reached skill level 7 in Armour
   519 | D        | Reached skill level 1 in Invocations
   519 | D        | Reached XP level 6. HP: 34/40 MP: 5/7
   528 | D        | Killed a wight
   535 | D        | Killed a soldier ant
   535 | D        | Acquired Okawaru's first power
   535 | D        | Reached skill level 8 in Armour
   548 | D        | Killed a giant frog
   548 | D        | Reached XP level 7. HP: 41/46 MP: 9/9
   561 | D        | Killed a gargoyle
   561 | D        | Reached skill level 9 in Armour
   734 | D        | Noticed a big kobold
   734 | D        | Noticed a komodo dragon
   734 | D        | Noticed a hippogriff
   734 | D        | Noticed an orc warrior
   734 | D        | Noticed a hippogriff
   734 | D        | Noticed a centaur warrior
   747 | D        | Killed a big kobold
   758 | D        | Killed a komodo dragon
   758 | D        | Reached skill level 5 in Invocations
   758 | D        | Reached XP level 8. HP: 33/53 MP: 9/11
   762 | D        | Killed a hippogriff
   762 | D        | Reached skill level 10 in Armour
   762 | D        | Reached skill level 10 in Shields
   769 | D        | Killed an orc warrior
   773 | D        | Killed a hippogriff
   773 | D        | Reached skill level 5 in Dodging
   782 | D        | Killed a centaur warrior
   782 | D        | Reached skill level 10 in Maces & Flails
   782 | D        | Reached skill level 11 in Armour
   782 | D        | Reached XP level 9. HP: 29/60 MP: 11/13
  1034 | D        | Identified the Handbook of Unholy Arts (You found it in the Dungeon)
  1050 | D        | Noticed a water moccasin
  1050 | D        | Noticed a crocodile
  1050 | D        | Noticed a crocodile
  1050 | D        | Noticed a black mamba
  1050 | D        | Noticed a wolf
  1050 | D        | Noticed a water moccasin
  1052 | D        | Noticed a crocodile
  1055 | D        | Killed a water moccasin
  1061 | D        | Killed a crocodile
  1065 | D        | Killed a crocodile
  1080 | D        | Killed a black mamba
  1082 | D        | Noticed a basilisk
  1087 | D        | Noticed a crocodile
  1087 | D        | Killed a wolf
  1091 | D        | Killed a water moccasin
  1100 | D        | Killed a crocodile
  1100 | D        | Reached skill level 12 in Shields
  1109 | D        | Killed a basilisk
  1118 | D        | Killed a crocodile
  1299 | D        | Noticed a giant frog
  1299 | D        | Noticed a giant frog
  1299 | D        | Noticed a water moccasin
  1299 | D        | Noticed a giant frog
  1299 | D        | Noticed a spiny frog
  1299 | D        | Noticed a giant frog
  1303 | D        | Noticed a fire drake
  1307 | D        | Killed a giant frog
  1310 | D        | Noticed a griffon
  1314 | D        | Killed a giant frog
  1314 | D        | Reached XP level 10. HP: 66/66 MP: 15/15
  1316 | D        | Noticed a giant frog
  1318 | D        | Killed a water moccasin
  1323 | D        | Killed a spiny frog
  1342 | D        | Killed a griffon
  1342 | D        | Acquired Okawaru's second power
  1345 | D        | Killed a giant frog
  1349 | D        | Killed a giant frog
  1357 | D        | Killed a fire drake
  1364 | D        | Killed a giant frog
  1577 | D        | Noticed a catoblepas
  1577 | D        | Noticed a death yak
  1577 | D        | Noticed a yak
  1577 | D        | Noticed a death yak
  1577 | D        | Noticed a yak
  1577 | D        | Noticed a catoblepas
  1582 | D        | Noticed a catoblepas
  1587 | D        | Noticed a death yak
  1594 | D        | Killed a catoblepas
  1594 | D        | Received a gift from Okawaru
  1594 | D        | Reached skill level 13 in Armour
  1595 | D        | Got an ancient greatsling {god gift}
  1788 | D        | Identified the +4 greatsling "Gaphol" {velocity, -Tele Dex+11} (Okawaru gifted it to you in the Dungeon)
  1815 | D        | Killed a death yak
  1815 | D        | Reached skill level 10 in Fighting
  2157 | D        | Killed a death yak
  2504 | D        | Killed a yak
  2513 | D        | Slain by a catoblepas

Vault maps used:
D:        linesprint

Action                   |  1- 3 |  4- 6 |  7- 9 | 10-12 || total
-------------------------+-------+-------+-------+-------++-------
Melee: Flail             |    34 |    58 |   141 |   119 ||   352
Invok: Heroism           |       |       |     1 |       ||     1
Evoke: Wand              |       |       |       |     7 ||     7
  Use: Potion            |       |     1 |       |       ||     1
       Scroll            |       |       |     2 |       ||     2
 Stab: Petrified         |       |       |       |     1 ||     1
  Eat: Chunk             |       |       |     2 |     1 ||     3
       Bread ration      |       |       |       |     1 ||     1
